 Dungeon Crawl Stone Soup version 0.28-a0-511-gcc94558de3 (webtiles) character file.

Game seed: 453418012542265043

58 omnomnOMINOUS the Sneak (level 4, -2/31 HPs)
             Began as an Octopode Wanderer on Sept 21, 2021.
             Was a Follower of Qazlal.
             Slain by an ogre (20 damage)
             ... on level 2 of the Dungeon.
             The game lasted 00:02:19 (1117 turns).

omnomnOMINOUS the Sneak (Octopode Wanderer)         Turns: 1117, Time: 00:02:20

Health: -2/31      AC:  1    Str:  9    XL:     4   Next: 2%
Magic:  4/4        EV: 13    Int: 16    God:    Qazlal [*.....]
Gold:   17         SH:  2    Dex: 12    Spells: 2/3 levels left

rFire   . . .      SeeInvis .   a - +0 dagger
rCold   . . .      Faith    .   (no shield)
rNeg    . . .      Spirit   .   (helmet restricted)
rPois   .          Reflect  .   (no amulet)
rElec   .          Harm     .   (no ring)
rCorr   .          Rampage  .   (no ring)
Will    .....                   (no ring)
Stlth   +++.......              (no ring)
HPRegen 0.10/turn               (no ring)
MPRegen 0.09/turn               (no ring)
                                (no ring)
                                (no ring)

@: lethally poisoned (-2 -> -9), about to teleport
A: almost no armour, amphibious, 8 rings, camouflage 1, gelatinous body 1,
(nimble swimmer 1), tentacles
a: Renounce Religion


You were on level 2 of the Dungeon.
You worshipped Qazlal.
Qazlal was aware of your devotion.
You visited 1 branch of the dungeon, and saw 2 of its levels.

You collected 17 gold pieces.

Inventory:

Hand Weapons
 a - a +0 dagger (weapon)
Scrolls
 c - a scroll of teleportation
 d - 2 scrolls of blinking
 f - a scroll of immolation {unknown}
 g - a scroll of identify {unknown}
 h - a scroll of fear {unknown}
Potions
 b - a potion of berserk rage
 e - 2 potions of flight {unknown}
 i - a potion of haste {unknown}


   Skills:
 + Level 3.5 Fighting
 + Level 1.4 Dodging
 - Level 4.0 Stealth
 - Level 1.0 Unarmed Combat
 + Level 1.9 Conjurations
 - Level 2.0 Summonings
 + Level 1.5 Fire Magic


You had 2 spell levels left.
You knew the following spells:

 Your Spells              Type           Power      Damage    Failure   Level
a - Foxfire               Conj/Fire      20%        2x1d5     12%         1

Your spell library contained the following spells:

 Spells                   Type           Power      Damage    Failure   Level
 Conjure Flame            Conj/Fire      5%         6-21      36%         3
 Ignite Poison            Fire/Tmut/Pois 1%         N/A       52%         3
 Sticky Flame             Conj/Fire      5%         2d3       77%         4


Dungeon Overview and Level Annotations

Branches:
Dungeon (2/15)

Altars:
Qazlal


Innate Abilities, Weirdness & Mutations

You cannot wear most types of armour.
You are amphibious.
You can wear up to eight rings at the same time.
Your skin changes colour to match your surroundings (Stealth+).
Your rubbery body absorbs attacks. (AC +1, EV +1)
((You are camouflaged near water. (Stealth+)))
You have tentacles for arms and can constrict up to eight enemies at once.


Message History

Confirm with . or Enter, or press ? or * to list all spells.
You conjure some foxfire!
Jessica hits you with a +0 club.
You hit Jessica. Your grab misses Jessica.
Jessica is heavily wounded.
The foxfire hits Jessica.
Jessica is severely wounded.
The foxfire hits Jessica but does no damage.
Jessica is severely wounded.
Jessica gestures wildly while chanting.
Jessica blinks!
Casting: Foxfire (safe; 14% risk of failure)
Confirm with . or Enter, or press ? or * to list all spells.
You conjure some foxfire!
Unknown command.
The foxfire hits Jessica.
Jessica is almost dead.
Jessica gestures wildly while chanting.
Jessica blinks!
The foxfire hits Jessica.
You kill Jessica!
Qazlal accepts your kill.
You have reached level 4!
Things that are here:
a +0 club; a +0 robe You start resting.
Magic restored.
You start resting.
HP restored.
There is a stone staircase leading down here.
You climb downwards.
The adder bites you. The worm bites you. The ogre closely misses you.
The adder closely misses you.
There is a stone staircase leading up, spattered with blood here.
Unknown command.
As you read the scroll of teleportation, it crumbles to dust.
You feel strangely unstable. The adder bites you.
You are poisoned.
The adder poisons you!
The ogre hits you with a +0 giant club!!
Ouch! That really hurt!
You die...

#.#. #.#.
#.#)## #....##
##.....######
##..!.......w.
#......w..####
#..w.O@.......
......S....?...
.##..........##
##.....#...#
##...##...#
##### ..# .# .#


You could see an ogre, a worm, an adder and 2 dart slugs.

Vanquished Creatures
  Jessica (D:1)
  A dart slug (D:1)
  2 ball pythons (D:1)
  3 bats (D:1)
  4 endoplasms (D:1)
  3 goblins (D:1)
  A hobgoblin (D:1)
  3 jackals (D:1)
  A quokka (D:1)
  A frilled lizard (D:1)
  2 kobolds (D:1)
  7 rats (D:1)
  A spectral kobold (D:1)
30 creatures vanquished.

Vanquished Creatures (others)
  10 foxfires (D:1)
10 creatures vanquished.

Grand Total: 40 creatures vanquished

Notes
Turn   | Place    | Note
-------+----------+-------------------------------------------
     0 | D:1      | omnomnOMINOUS the Octopode Wanderer began the quest for the
                  | Orb.
     0 | D:1      | omnomnOMINOUS set off with the following items: a +0
                  | dagger, a potion of berserk rage, a scroll of
                  | teleportation, a scroll of blinking; and the following
                  | spell memorised: Foxfire; and the following spells
                  | available to memorise: Ignite Poison
     0 | D:1      | Reached XP level 1. HP: 16/16 MP: 1/1
    76 | D:1      | Reached XP level 2. HP: 21/21 MP: 2/2
   291 | D:1      | Found a faded altar of an unknown god.
   298 | D:1      | Became a worshipper of Qazlal Stormbringer
   298 | D:1      | Reached * piety under Qazlal
   312 | D:1      | Reached skill level 1 in Fire Magic
   325 | D:1      | Reached skill level 1 in Dodging
   560 | D:1      | Reached XP level 3. HP: 26/26 MP: 3/3
   912 | D:2      | Noticed Jessica
   912 | D:2      | Noticed an ogre
   923 | D:1      | Killed Jessica
   924 | D:1      | Reached XP level 4. HP: 12/31 MP: 0/4
  1117 | D:2      | Slain by an ogre

Illustrated notes

Levels and vault maps discovered:
D:1:      lemuel_arrival_behind_the_door_large, layout_basic,
          dreamdust_ecumenical_altar_drowned_temple, st_stairs_11,
          minmay_heptomino_h4
D:2:      layout_loops_ring, basic_altar, chequers_garden,
          minmay_rat_gold_closets, uniq_crazy_yiuf_cottage, uniq_jessica

Skill      XL: |  1  2 |
---------------+-------+-----
Fire Magic     | 1 |  1.5
Dodging        | 1 |  1.4
Fighting       | |  3.5
Stealth        | |  4.0
Unarmed Combat | |  1.0
Conjurations   | |  1.9
Summonings     | |  2.0

Action                   |  1- 3 |  4- 6 || total
-------------------------+-------+-------++-------
Melee: Dagger            |    60 |       ||    60
       Constrict         |    13 |       ||    13
       Tentacles         |    11 |       ||    11
 Cast: Foxfire           |     5 |       ||     5
  Use: Scroll            |       |     1 ||     1
 Stab: Sleeping          |     7 |       ||     7
Armor: Skin              |     4 |       ||     4
Dodge: Dodged            |    28 |     2 ||    30
Block: Other             |     1 |       ||     1

Table legend: (Time is in decaauts)
 A = Elapsed time spent in this place.
 B = Non-inter-level travel time spent in this place.
 C = Inter-level travel time spent in this place.
 D = Time resting spent in this place.
 E = Time spent auto-exploring this place.
 F = Levels seen in this place.
 G = Mean time per level.
                   A        B        C        D        E       F      G
               +--------+--------+--------+--------+--------+-----+--------+
         Total |   1117 |   1090 |     27 |    259 |    651 |   2 |  558.5 |
       Dungeon |   1117 |   1090 |     27 |    259 |    651 |   2 |  558.5 |
               +--------+--------+--------+--------+--------+-----+--------+

Top non-repeatable levels by time:
     D:1: 1114 daAuts
     D:2: 3 daAuts
